 Dungeon Crawl Stone Soup version 0.26-a0-450-ge645bd13c1 (webtiles) character file.

Game seed: 11990751349973646390

13 MrRokkomies the Sneak (level 2, 0/25 HPs)
             Began as a Palentonga Delver on July 27, 2020.
             Was an Initiate of Yredelemnul.
             Slain by Edmund
             ... wielding a +0 vorpal flail
              (1 damage)
             ... on level 4 of the Dungeon.
             The game lasted 00:01:59 (921 turns).

MrRokkomies the Sneak (Palentonga Delver)            Turns: 921, Time: 00:02:00

Health: 0/25       AC:  4    Str: 15    XL:     2   Next: 24%
Magic:  2/2        EV:  9    Int: 10    God:    Yredelemnul [......]
Gold:   45         SH:  0    Dex: 11    Spells: 1/1 levels left

rFire    . . .     SeeInvis +   a - +0 mace
rCold    . . .     Faith    .   (no shield)
rNeg     . . .     Spirit   .   b - +0 leather armour
rPois    .         Reflect  .   (no helmet)
rElec    .         Harm     .   (no cloak)
rCorr    .                      (no gloves)
MR       .....                  (boots restricted)
Stlth    ++........             (no amulet)
HPRegen  0.08/turn              (no ring)
MPRegen  0.08/turn              (no ring)

@: very slightly contaminated, invisible
A: large, rugged brown scales 3, see invisible, deformed body, roll, armoured
tail
a: Rolling Charge, Renounce Religion


You were on level 4 of the Dungeon.
You worshipped Yredelemnul.
Yredelemnul was noncommittal.
You visited 2 branches of the dungeon, and saw 3 of its levels.

You collected 45 gold pieces.

Inventory:

Hand Weapons
 a - a +0 mace (weapon)
Missiles
 k - 26 sling bullets
Armour
 b - a +0 leather armour (worn)
Wands
 g - a wand of digging (9)
Scrolls
 c - a scroll of fog
 d - a scroll of magic mapping
 e - a scroll of fear
 h - 2 scrolls of remove curse {unknown}
 j - a scroll of identify {unknown}
 l - a scroll of enchant armour {unknown}
 n - a scroll of enchant weapon {unknown}
Potions
 f - a potion of haste
 m - a potion of degeneration {unknown}


   Skills:
 * Level 3.1 Fighting
 * Level 2.2 Maces & Flails
 + Level 1.6 Dodging
 - Level 3.5 Stealth
 + Level 0.2 Invocations


You had one spell level left.
You didn't know any spells.
Your spell library was empty.

Dungeon Overview and Level Annotations

Branches:
Dungeon (5/15)             Temple (1/1) D:5

Altars:
Ashenzari
Dithmenos
Fedhas
Gozag
Hepliaklqana
Kikubaaqudgha
Makhleb
Nemelex Xobeh
Ru
Vehumet
Wu Jian
Xom
Yredelemnul
The Shining One

Annotations:
D:4 Edmund, Grinder


Innate Abilities, Weirdness & Mutations

You are completely covered in rugged brown scales. (AC +3, +7% HP)
You have supernaturally acute eyesight. (SInv)
Armour fits poorly on your strangely shaped body.
You can roll at foes to attack.
You have a long armoured tail.


Message History

The orc wizard shouts!
You tail-slap Edmund, but do no damage. Edmund closely misses you.
You hit Edmund.
Edmund is lightly wounded.
An orc comes into view. It is wielding a +0 flail.
Grinder blinks!
Edmund hits you with a +0 vorpal flail!
An orc wizard comes into view. It is wielding a +0 dagger.
You closely miss Edmund.
Edmund is lightly wounded.
Edmund hits you with a +0 vorpal flail.
* * * LOW HITPOINT WARNING * * *
The orc wizard shouts!
You hit Edmund.
Edmund is lightly wounded.
You hear a shout!
Edmund hits you with a +0 vorpal flail.
* * * LOW HITPOINT WARNING * * *
You die...
Your body rises from the dead as a mindless zombie.

#######.#.#>####...#
............# ###.#
#######...### #.#
##..# #.# #..# #.#
#.## #.### ..#
#..†###
#..###########...##
....#...5@@.......#
......#############


You could see Edmund and Grinder.

Vanquished Creatures
  An ooze (D:5)
  A worm (D:4)
  2 orcs (D:4)
  A jackal skeleton (D:4)
5 creatures vanquished.

Notes
Turn   | Place    | Note
-------+----------+-------------------------------------------
     0 | D:5      | MrRokkomies the Palentonga Delver began the quest for the
                  | Orb.
     0 | D:5      | Reached XP level 1. HP: 19/19 MP: 1/1
    47 | D:4      | Noticed Grinder
   332 | D:5      | Found a staircase to the Ecumenical Temple.
   341 | Temple   | Entered the Ecumenical Temple
   426 | Temple   | Became a worshipper of Yredelemnul the Dark
   589 | D:4      | Reached XP level 2. HP: 8/25 MP: 2/2
   861 | D:4      | Noticed a moth of wrath
   913 | D:4      | Noticed Edmund
   921 | D:4      | HP: 1/25 [Edmund/+0 vorpal flail (6)]
   921 | D:4      | Slain by Edmund

Illustrated notes

Levels and vault maps discovered:
D:4:      layout_rooms, tgw_trog, uniq_edmund, uniq_crazy_yiuf_cottage,
          uniq_grinder
D:5:      layout_layer_cave, nicolae_overflow_crystal_walls, temple_statues,
          hangedman_decor_clover_reticule
Temple:   nicolae_temple_great_sept

Action                   || total
-------------------------++-------
Melee: Mace              ||    31
       Tailslap          ||     6
  Use: Potion            ||     2
 Stab: Invisible         ||     1
Armor: Leather armour    ||    11
Dodge: Dodged            ||    23

Table legend: (Time is in decaauts)
 A = Elapsed time spent in this place.
 B = Non-inter-level travel time spent in this place.
 C = Inter-level travel time spent in this place.
 D = Time resting spent in this place.
 E = Time spent auto-exploring this place.
 F = Levels seen in this place.
 G = Mean time per level.
                   A        B        C        D        E       F      G
               +--------+--------+--------+--------+--------+-----+--------+
         Total |    930 |    921 |      9 |    483 |    185 |   3 |  310.0 |
       Dungeon |    837 |    836 |      1 |    483 |    117 |   2 |  418.5 |
        Temple |     93 |     85 |      8 |      0 |     68 |   1 |   93.0 |
               +--------+--------+--------+--------+--------+-----+--------+

Top non-repeatable levels by time:
     D:5: 481 daAuts
     D:4: 355 daAuts
  Temple: 93 daAuts
